 Dungeon Crawl Stone Soup version 0.28.0-62-gf88900778d (webtiles) character file.

Game seed: 10782692534150783186

204 cbfl8 the Chopper (level 5, -3/42 HPs)
             Began as a Demonspawn Berserker on Jan 14, 2024.
             Was a Believer of Trog.
             Slain by an orc
             ... wielding a +0 trident
              (5 damage)
             ... on level 4 of the Dungeon.
             The game lasted 00:03:31 (3555 turns).

cbfl8 the Chopper (Demonspawn Berserker)            Turns: 3555, Time: 00:03:32

Health: -3/42      AC: 12    Str: 17    XL:     5   Next: 52%
Magic:  5/5        EV:  7    Int:  9    God:    Trog [**....]
Gold:   123        SH:  0    Dex: 14    Spells: 4/4 levels left

rFire   + . .      SeeInvis .   g - +0 war axe
rCold   . . .      Faith    .   (no shield)
rNeg    . . .      Spirit   .   k - +0 chain mail
rPois   +          Reflect  .   (no helmet)
rElec   .          Harm     .   (no cloak)
rCorr   .          Rampage  .   (no gloves)
Will    .....                   m - +0 pair of boots
Stlth   ..........              (no amulet)
HPRegen 0.14/turn               l - ring of protection from fire
MPRegen 0.09/turn               n - ring of poison resistance

@: no status effects
A: molten scales 1, ignite blood 1, weakness stinger 1
a: Renounce Religion, Berserk, Trog's Hand


You were on level 4 of the Dungeon.
You worshipped Trog.
Trog was pleased with you.
You visited 1 branch of the dungeon, and saw 4 of its levels.

You collected 123 gold pieces.

Inventory:

Hand Weapons
 g - a +0 war axe (weapon)
Missiles
 h - 2 throwing nets (quivered)
Armour
 k - a +0 chain mail (worn)
 m - a +0 pair of boots (worn)
Jewellery
 l - a ring of protection from fire (left hand)
 n - a ring of poison resistance (right hand)
Scrolls
 a - a scroll of identify
 b - a scroll of enchant weapon {unknown}
 c - 2 scrolls of teleportation
 e - a scroll of amnesia {unknown}
 j - a scroll of holy word {unknown}
 o - a scroll of blinking {unknown}
Potions
 d - 2 potions of curing
 f - a potion of might {unknown}
 i - a potion of brilliance {unknown}


   Skills:
 + Level 3.7 Fighting
 + Level 4.3 Axes
 + Level 2.6 Armour
 - Level 1.7 Dodging
 * Level 2.0 Evocations


You had 4 spell levels left.
You didn't know any spells.
Your spell library was empty.

Dungeon Overview and Level Annotations

Branches:
Dungeon (4/15)
 Temple: D:4-7

Altars:
Trog


Innate Abilities, Weirdness & Mutations

You are partially covered in molten scales. (AC +2)
Your demonic aura sometimes causes spilled blood to erupt in flames.
You have a small tail.


Message History

The orc hits you from afar with a +0 trident.
You are too injured to fight recklessly!
Unknown command.
You are too injured to fight recklessly!
Unknown command.
You are too injured to fight recklessly!
Unknown command.
You are too injured to fight recklessly!
You barely miss the orc priest.
The orc priest is severely wounded.
You hit the dart slug.
The orc priest hits you but does no damage.
The orc hits you from afar with a +0 trident.
The dart slug bites you but does no damage.
You barely miss the orc priest.
Your tail-slap misses the orc priest.
The orc priest is severely wounded.
You hit the dart slug but do no damage.
The orc priest hits you but does no damage.
The orc hits you from afar with a +0 trident.
The dart slug barely misses you.
Unknown command.
You barely miss the orc priest.
The orc priest is severely wounded.
You hit the dart slug.
The orc priest hits you but does no damage.
The orc hits you but does no damage.
The orc priest hits you but does no damage.
The orc hits you from afar with a +0 trident.
The dart slug briefly extends its eye-stalks.
The dart slug bites you but does no damage.
You completely miss the orc priest.
The orc priest is severely wounded.
You hit the dart slug.
You kill the dart slug!
Trog accepts your kill.
The orc priest mumbles some strange prayers to Beogh against you.
Beogh smites you!
* * * LOW HITPOINT WARNING * * *
The orc hits you from afar with a +0 trident.
You die...

...........##..# .#
.#####....###.# .# .
#..........###.##...
###.................
#.................
#...##........#..#
#.#.#.......##..#
#....#.#>....)...###
...####...##.@o......
###.
....#.###........
.....#.# ...o.....
.#####.##.........
..##.......(. .#
##........ ##...##..
#### ##


You could see an orc priest and an orc.

Vanquished Creatures
  2 jellies (D:3)
  A centaur skeleton (D:2)
  3 adders
  An adder skeleton (D:4)
  A worm (D:2)
  5 dart slugs
  2 orcs
  10 endoplasms
  2 giant cockroaches
  3 goblins
  6 hobgoblins
  2 jackals (D:2)
  6 ball pythons
  7 bats
  2 frilled lizards (D:3)
  15 kobolds
  4 rats
72 creatures vanquished.

Vanquished Creatures (others)
  A fungus (D:3)
  9 toadstools (D:3)
10 creatures vanquished.

Grand Total: 82 creatures vanquished

Notes
Turn   | Place    | Note
-------+----------+-------------------------------------------
     0 | D:1      | cbfl8 the Demonspawn Berserker began the quest for the Orb.
     0 | D:1      | Reached XP level 1. HP: 18/18 MP: 1/1
   424 | D:1      | Gained mutation: You are partially covered in molten
                  | scales. (AC +2) [demonic ancestry]
   424 | D:1      | Reached XP level 2. HP: 22/24 MP: 2/2
   476 | D:1      | Reached skill level 3 in Axes
   919 | D:2      | Gained mutation: Your demonic aura sometimes causes spilled
                  | blood to erupt in flames. [demonic ancestry]
   919 | D:2      | Reached XP level 3. HP: 23/29 MP: 3/3
   929 | D:2      | Reached skill level 1 in Evocations
  1344 | D:2      | Reached ** piety under Trog
  1503 | D:2      | Reached XP level 4. HP: 26/36 MP: 4/4
  1628 | D:2      | Found a bloodstained altar of Trog.
  2231 | D:2      | Found a faded altar of an unknown god.
  2989 | D:3      | Reached skill level 4 in Axes
  2989 | D:3      | Gained mutation: You have a small tail. [demonic ancestry]
  2989 | D:3      | Reached XP level 5. HP: 32/42 MP: 5/5
  3555 | D:4      | HP: 2/42 [orc priest/divine providence (11)]
  3555 | D:4      | Slain by an orc

Illustrated notes

Levels and vault maps discovered:
D:1:      minmay_arrival_nine_rooms, layout_basic
D:2:      layout_rooms, dilly_ecumenical_altar_fadedgnrine, basic_altar
D:3:      cheibrodos_fertilizer, layout_rooms
D:4:      layout_rooms, cheibrodos_sewer_entry_drain, kennysheep_cluttered_room,
          minmay_misc_feat_ornament, uniq_ijyb

Skill      XL: |  1  2  3  4  5 |
---------------+----------------+-----
Axes           | 3 4 |  4.3
Evocations     | 1 2 |  2.0
Armour         | 2 |  2.6
Fighting       | |  3.7
Dodging        | |  1.7

Action                   |  1- 3 |  4- 6 || total
-------------------------+-------+-------++-------
Melee: Hand axe          |    88 |    86 ||   174
       Punch             |     1 |     1 ||     2
       War axe           |       |    18 ||    18
       Tailslap          |       |     5 ||     5
Invok: Berserk           |       |     1 ||     1
  Use: Scroll            |       |     3 ||     3
Armor: Animal skin       |     8 |       ||     8
       Leather armour    |    36 |       ||    36
       Chain mail        |       |    66 ||    66
Dodge: Dodged            |    71 |    40 ||   111
